Map: Abyssal Reef LE

Players

Bung - Winner!

  • Race: Terran Terran
  • Spawn Location: 5:00

Yata

  • Race: Zerg Zerg
  • Spawn Location: 11:00

VOD

Have the link to the VOD?

Description

Time

  • Played on: July 6, 2017, 10:10 p.m.
  • Length: 32:36
Show
View Real Time Build Order
Export as new Build Order

Bung Terran - Winner!

Build Orders:  

Get SALT Encoding   

  12  0:02  SCV  
  13  0:24  SCV  
  13  0:25  Supply Depot  
  14  0:34  Supply Depot  
  14  0:37  SCV  
  15  0:49  SCV  
  16  1:01  SCV  
  17  1:11  Refinery  
  17  1:13  SCV  
  18  1:20  Refinery  
  18  1:25  SCV  
  19  1:35  Supply Depot  
  19  1:39  Supply Depot  
  19  1:57  SCV  
  20  2:09  SCV  
  20  2:12  Barracks  
  21  2:21  SCV  
  22  2:33  SCV  
  22  2:35  Supply Depot  
  23  2:40  Supply Depot  
  23  2:44  Supply Depot  
  23  2:45  SCV  
  24  2:57  SCV  
  25  3:02  Marine  
  26  3:09  SCV  
  27  3:21  Reaper, SCV  
  29  3:27  Supply Depot  
  29  3:37  Barracks  
  29  3:52  Marine  
  30  4:10  Reaper  
  31  4:29  Marine  
  32  4:42  Marine  
  33  4:46  Supply Depot  
  33  4:47  Reaper  
  34  5:00  Marine  
  34  5:18  Reaper  
  34  5:19  Marine  
  36  5:37  Reaper  
  37  5:50  Marine  
  38  6:02  Command Center  
  38  6:08  Reaper  
  38  6:09  Marine  
  40  6:27  Reaper  
  41  6:36  Supply Depot  
  41  6:40  Marine  
  42  6:53  SCV  
  43  6:58  Reaper  
  43  6:59  Marine  
  43  7:00  Barracks  
  45  7:06  SCV  
  46  7:17  Reaper  
  46  7:18  SCV  
  48  7:26  SCV  
  49  7:30  Marine, SCV  
  51  7:38  SCV  
  51  7:42  SCV  
  53  7:48  Reaper, Marine  
  53  7:49  Marine  
  53  7:50  SCV  
  56  7:52  Supply Depot  
  56  8:02  SCV  
  57  8:06  Reaper  
  57  8:11  Marine  
  59  8:14  SCV  
  60  8:20  Marine  
  60  8:26  SCV  
  62  8:30  Reaper  
  63  8:35  Refinery  
  63  8:38  Reaper, SCV, Marine  
  63  8:40  Factory  
  66  8:42  Refinery  
  66  8:51  SCV  
  67  8:56  Reaper  
  67  9:01  Marine  
  69  9:03  SCV  
  70  9:10  Marine  
  70  9:15  SCV  
  72  9:20  Reaper  
  73  9:27  Marine, SCV  
  73  9:28  Reaper  
  76  9:46  Reaper  
  76  9:51  Marine  
  78  9:54  Hellion  
  80  10:00  Marine  
  81  10:09  Reaper  
  81  10:14  Command Center  
  82  10:15  Hellion  
  82  10:17  Marine  
  82  10:18  Reaper  
  86  10:26  Barracks  
  86  10:33  Barracks  
  86  10:35  Reaper  
  86  10:37  SCV, Hellion  
  86  10:39  Factory  
  90  10:49  SCV  
  91  10:58  Hellion  
  91  11:01  SCV  
  94  11:07  Marine  
  95  11:14  SCV  
  94  11:19  Hellion  
  96  11:25  Reaper  
  96  11:26  SCV  
  98  11:38  SCV  
  99  11:48  Marine  
  99  11:49  Marine  
  99  11:50  SCV  
  102  11:57  Marine  
  102  11:58  Cyclone  
  106  12:06  Reaper  
  106  12:07  Reaper  
  109  12:15  Reaper  
  109  12:28  SCV  
  110  12:30  Cyclone  
  110  12:37  Marine  
  110  12:39  Marine  
  110  12:40  SCV  
  97  12:52  SCV  
  97  12:55  Cyclone  
  97  12:56  Reaper  
  97  12:57  Reaper, Marine  
  99  13:02  Cyclone  
  99  13:04  SCV  
  102  13:15  Reaper  
  102  13:16  SCV  
  104  13:27  Marine, Cyclone  
  104  13:28  SCV  
  104  13:29  Marine  
  110  13:34  Cyclone  
  110  13:39  Starport  
  110  13:40  SCV  
  114  13:47  Marine  
  115  13:52  SCV  
  116  13:59  Cyclone  
  119  14:04  SCV  
  119  14:05  Reaper  
  119  14:06  Cyclone  
  124  14:16  SCV  
  125  14:19  Medivac  
  127  14:31  Cyclone  
  127  14:37  Marine  
  131  14:49  Medivac  
  133  15:10  Command Center  
  133  15:21  Supply Depot  
  133  15:22  Supply Depot  
  133  15:43  Viking, Cyclone  
  133  15:46  Supply Depot  
  138  16:12  Viking  
  138  16:15  Cyclone  
  143  16:25  Liberator  
  146  16:47  Cyclone  
  139  17:25  Viking  
  136  17:55  Medivac  
  137  18:25  Viking  
  139  18:55  Medivac  
  132  19:30  Barracks  
  130  19:33  Barracks  
  130  19:35  Barracks  
  130  19:40  Supply Depot  
  130  19:42  Supply Depot  
  130  19:43  Supply Depot  
  130  19:46  Supply Depot  
  130  19:50  Supply Depot, Barracks  
  130  19:55  Barracks  
  130  20:01  Supply Depot  
  130  20:04  Marine  
  130  20:05  Marine  
  132  20:11  Cyclone  
  135  20:22  Reaper  
  135  20:23  Reaper  
  137  20:43  Cyclone  
  140  20:54  Marine  
  140  20:55  Marine  
  131  21:08  Marine  
  131  21:09  Marine  
  133  21:12  Reaper  
  133  21:13  Reaper  
  133  21:15  Cyclone  
  128  21:26  Reaper, Cyclone  
  128  21:27  Reaper  
  133  21:42  Marine  
  133  21:43  Marine  
  133  21:44  Marine  
  133  21:45  Marine x2  
  138  21:47  Cyclone  
  141  21:55  Marine  
  141  21:58  Marine, Cyclone  
  141  21:59  Reaper x2  
  141  22:00  Reaper  
  149  22:02  Reaper  
  149  22:03  Reaper  
  151  22:09  Liberator  
  151  22:13  Reaper  
  152  22:16  Reaper  
  152  22:19  Cyclone  
  159  22:31  Marine x2, Cyclone  
  159  22:32  Marine  
  159  22:33  Marine  
  159  22:35  Marine  
  167  22:37  Refinery  
  167  22:41  Refinery  
  158  22:45  Marine  
  158  22:48  Marine x2  
  158  22:49  Reaper  
  158  22:50  Reaper  
  163  22:52  Liberator, Reaper, Cyclone  
  163  22:53  Reaper  
  168  23:03  Reaper, Cyclone  
  172  23:06  Reaper  
  176  23:18  SCV  
  177  23:22  Marine  
  177  23:23  Marine  
  177  23:24  Cyclone  
  177  23:25  Marine  
  183  23:34  Liberator  
  183  23:35  Marine, Cyclone  
  183  23:38  Marine  
  183  23:40  Marine  
  189  23:43  Marine  
  183  23:53  Marine  
  179  23:56  Marine, Cyclone  
  179  23:58  Reaper  
  179  24:01  Reaper  
  185  24:11  Reaper  
  185  24:14  Reaper  
  187  24:17  Liberator  
  184  24:30  Marine  
  180  24:33  Marine  
  171  24:43  Marine  
  167  24:46  Marine  
  167  24:48  Reaper  
  167  24:51  Reaper  
  159  25:17  Medivac, Marine  
  159  25:18  Marine  
  146  25:36  Reaper  
  146  25:39  Cyclone  
  150  25:47  Medivac  
  152  25:56  Reaper  
  152  26:02  Marine  
  153  26:04  Marine  
  153  26:08  Marine  
  155  26:11  Cyclone  
  155  26:17  Medivac  
  160  26:20  Reaper  
  160  26:22  Reaper  
  162  26:26  Reaper  
  162  26:28  Marine  
  164  26:39  Marine  
  165  26:40  Marine  
  165  26:41  Marine  
  165  26:42  Marine  
  165  26:43  Cyclone  
  165  26:46  Reaper  
  172  26:47  Viking, Marine  
  172  26:52  Marine  
  172  26:54  Marine  
  176  26:57  Reaper, Marine  
  176  26:58  Reaper  
  176  26:59  Reaper  
  176  27:00  Reaper  
  182  27:05  Marine  
  183  27:10  Reaper  
  183  27:12  Reaper  
  185  27:16  Cyclone  
  185  27:17  Viking  
  185  27:18  Marine, Command Center  
  191  27:23  Marine  
  191  27:29  Marine  
  193  27:30  Marine  
  193  27:31  Marine  
  193  27:32  Marine  
  196  27:41  Marine  
  196  27:42  Refinery, Marine  
  196  27:44  Marine  
  198  27:47  Reaper  
  198  27:48  Refinery  
  200  28:55  SCV  
  175  29:07  SCV  
  176  29:19  SCV, Factory Tech Lab  
  176  29:24  Barracks Tech Lab  
  177  29:29  Barracks Tech Lab  
  177  29:31  SCV  
  177  29:37  Barracks Tech Lab  
  176  29:43  SCV  
  171  29:46  Barracks Tech Lab  
  171  29:47  Barracks Tech Lab  
  169  29:54  Barracks Tech Lab x2  
  167  30:26  Marauder  
  167  30:28  Marauder  
  169  30:30  Marine  
  169  30:31  Marine  
  170  30:47  Barracks Tech Lab  
  170  30:48  Reaper, Marauder  
  170  30:49  Reaper, Marauder  
  176  30:58  Siege Tank  
  176  31:03  Marauder  
  181  31:09  Marauder  
  181  31:11  Marauder  
  181  31:19  Marine  
  181  31:21  Marine  
  181  31:24  Marauder  
  185  31:30  Siege Tank, Marauder  
  185  31:32  Marauder  
  192  31:34  Command Center  
  192  31:38  Reaper, Barracks  
  192  31:39  Reaper  
  194  31:46  Marauder  
  192  31:52  Marauder  
  192  31:54  Marauder  
  195  32:02  Siege Tank  
  195  32:07  Marauder  
Show
View Real Time Build Order
Export as new Build Order

Yata Zerg 

Build Orders: 3 Hatch before Pool 

Get SALT Encoding   

  12  0:09  Drone  
  12  0:10  Drone  
  14  0:19  Overlord  
  14  0:34  Overlord  
  14  0:49  Drone x2  
  16  1:14  Extractor  
  15  1:33  Drone x3  
  15  1:38  Hatchery  
  17  2:22  Drone x3  
  20  2:27  Hatchery  
  19  2:51  Drone  
  19  2:52  Drone  
  21  3:03  Spawning Pool  
  20  3:09  Drone x2  
  22  3:14  Drone x3  
  25  3:35  Drone  
  25  3:39  Drone x2  
  28  3:51  Queen  
  30  3:59  Zergling x2  
  30  4:00  Zergling x4  
  33  4:04  Drone x3  
  33  4:08  Drone x2  
  38  4:19  Extractor  
  38  4:21  Drone  
  38  4:26  Queen  
  42  4:31  Drone x2  
  42  5:59  Extractor  
  42  6:02  Drone  
  42  8:11  Overlord  
  42  8:12  Overlord x2  
  42  8:19  Overlord  
  42  8:20  Overlord x2  
  42  8:21  Overlord  
  42  8:29  Queen  
  42  8:30  Drone  
  47  8:38  Drone  
  46  8:46  Overlord, Drone x2  
  48  8:51  Drone x3  
  51  9:05  Queen  
  53  9:17  Zergling x2  
  53  9:18  Drone  
  53  9:22  Zergling x2  
  56  9:30  Drone x3  
  59  9:40  Zergling x6, Drone x3, Queen  
  67  9:57  Roach Warren  
  66  10:01  Zergling x2  
  67  10:16  Queen  
  69  10:33  Metabolic Boost  
  69  10:46  Evolution Chamber  
  68  11:29  Drone x3  
  71  11:33  Zergling x2  
  71  11:39  Zergling x6  
  75  11:56  Lair  
  75  12:02  Hatchery  
  70  12:45  Roach  
  70  12:46  Roach x2  
  70  12:51  Roach, Zergling x4  
  73  12:55  Zergling x6  
  74  13:31  Roach  
  74  13:32  Roach  
  78  13:35  Zergling x6  
  81  13:44  Roach x3  
  87  13:56  Hydralisk Den  
  86  14:32  Extractor  
  85  14:45  Ravager x3  
  86  14:46  Ravager x3  
  90  15:13  Hydralisk x3  
  69  15:47  Hydralisk  
  69  15:48  Hydralisk x2  
  71  15:52  Zergling x6  
  76  15:57  Roach x3  
  76  16:01  Drone  
  76  16:02  Drone x2  
  83  16:20  Zergling x4  
  85  16:52  Zergling x6  
  88  16:56  Zergling x2  
  88  16:57  Zergling x4  
  91  17:21  Spire  
  90  17:48  Zergling x6  
  64  18:21  Spire  
  64  18:25  Zergling x6  
  66  18:30  Zergling x2  
  66  18:31  Roach x2  
  71  18:35  Mutalisk x3  
  77  18:44  Corruptor x6  
  82  19:16  Overlord x2  
  82  19:32  Zergling x2  
  82  19:33  Zergling x2  
  82  19:36  Overlord, Zergling x4  
  86  19:41  Hydralisk x3  
  86  19:45  Zergling x6  
  95  19:50  Lurker Den  
  95  19:54  Zerg Flyer Weapons Level 1  
  95  20:18  Zergling x2  
  95  20:19  Zergling x4  
  98  20:23  Overlord  
  98  20:24  Overlord x2  
  98  20:27  Corruptor x3  
  104  20:31  Overlord x3  
  104  20:51  Zergling x2  
  104  20:52  Zergling x4  
  104  20:53  Hatchery  
  104  20:56  Zergling x2  
  104  20:57  Zergling x2  
  108  21:03  Extractor  
  106  21:48  Zerg Flyer Armor Level 1  
  106  21:50  Baneling Nest  
  105  22:18  Overlord  
  105  22:20  Zergling x4  
  104  22:58  Baneling  
  104  23:06  Baneling x20  
  104  23:07  Baneling  
  104  23:15  Mutalisk  
  104  23:17  Zergling x4  
  108  23:22  Hydralisk  
  108  23:23  Zergling x2  
  108  23:24  Zergling x2  
  112  23:27  Zergling x2  
  112  23:28  Zergling x4  
  115  23:41  Overseer  
  115  23:42  Overseer  
  75  25:25  Zergling x6  
  76  25:29  Roach  
  76  25:30  Roach x2  
  76  25:35  Mutalisk x3  
  84  25:45  Hatchery  
  75  26:51  Zergling x2  
  75  26:52  Zergling x4  
  69  26:55  Overlord, Zergling x2  
  69  26:56  Overlord  
  69  27:00  Zergling x2  
  69  27:01  Zergling x4  
  65  27:18  Lair  
  65  27:22  Pneumatized Carapace  
  65  27:33  Overlord  
  65  27:34  Zergling x2  
  65  27:35  Zergling x2  
  67  27:40  Zergling x2  
  67  27:41  Zergling x4  
  67  27:43  Zergling x2  
  67  27:44  Zergling x4  
  73  27:49  Mutalisk x3  
  79  27:57  Corruptor x2  
  83  28:01  Mutalisk  
  85  28:06  Hydralisk x2  
  85  28:12  Zergling x2  
  90  28:13  Zergling x2  
  91  28:40  Infestation Pit  
  74  29:12  Zergling x2  
  74  29:13  Zergling x4  
  74  29:17  Overlord x3  
  77  29:22  Zergling x6  
  80  29:27  Infestor x3  
  49  30:16  Zergling x2  
  49  30:17  Zergling x4  
  45  30:29  Zergling x2  
  45  30:30  Zergling x4  
  45  30:34  Zergling x2  
  45  30:35  Zergling x4  
  44  30:49  Zergling x2  
  44  30:50  Zergling x2  
  44  30:53  Zergling x4  
  46  30:57  Corruptor x2  
  27  32:05  Zergling x2  
  27  32:06  Zergling x4  
  28  32:11  Zergling x6  
Tags
 
Matchup
TvZ
Replay Pack
Pack 1
Spawn Locations
Cross Positions
Add a new tag
Caveats
  • Supply blocks, unpowered buildings, or Contaminate may cause inaccurate times.
  • Supply counts are checked every 10 seconds.